 Dungeon Crawl Stone Soup version 0.16.1-28-gcc2312f (webtiles) character file.

5842 Kidiri the Archer (level 11, -10/77 HPs)
             Began as a Halfling Hunter on May 28, 2015.
             Was a Believer of Dithmenos.
             Mangled by a death yak (16 damage)
             ... on level 8 of the Dungeon.
             The game lasted 01:18:52 (11815 turns).

Kidiri the Archer (Halfling Hunter)                Turns: 11815, Time: 01:18:53

Health: -10/77     AC:  7    Str: 12      XL:     11   Next: 7%
Magic:  15/15      EV: 18    Int: 10      God:    Dithmenos [**....]
Gold:   629        SH:  0    Dex: 18 (19) Spells: 0 memorised, 10 levels left

rFire  + . .     SeeInvis .     A - +1 short sword (elec)
rCold  . . .     Clarity  .     d - +3 leather armour
rNeg   . . .     SustAb   .     (no shield)
rPois  .         Gourm    .     (no helmet)
rElec  .         Spirit   .     (no cloak)
rCorr  .         Warding  .     e - +0 pair of gloves
rMut   .         Stasis   .     (no boots)
MR     .....                    (no amulet)
Stlth  +++++.....               (no ring)
                                u - ring of protection from fire

@: wreathed by umbra, not resistant to hostile enchantments, quite stealthy
A: mutation resistance 1
a: Shadow Step, Renounce Religion


You were on level 8 of the Dungeon.
You worshipped Dithmenos.
Dithmenos was pleased with you.
You were not hungry.

You visited 2 branches of the dungeon, and saw 9 of its levels.
You also visited: Bailey.

You collected 629 gold pieces.

Inventory:

Hand weapons
 a - a +2 short sword of freezing
 b - a +1 shortbow
 j - a +0 short sword
 y - a +1 hand axe of chopping
 z - a cursed +2 dagger of venom
 A - a +1 short sword of electrocution (weapon)
 B - a +2 flail of draining
 I - a cursed -2 hand axe
 K - a +0 flail of crushing
Missiles
 c - 35 arrows
 O - 32 tomahawks of returning (quivered)
Armour
 d - a +3 leather armour (worn)
 e - a +0 pair of gloves (worn)
Jewellery
 u - a ring of protection from fire (left hand)
Magical devices
 L - a wand of draining (4)
 P - a wand of paralysis (2)
Scrolls
 h - 4 scrolls of fog
 k - 2 scrolls of recharging
 n - 2 scrolls of enchant armour
 o - 3 scrolls of noise
 q - 2 scrolls of random uselessness
 C - a scroll of amnesia {unknown}
 H - a scroll of immolation {unknown}
 M - 3 scrolls of teleportation
Potions
 f - 2 potions of agility {unknown}
 i - a potion of berserk rage {unknown}
 l - a potion of resistance {unknown}
 p - a potion of haste {unknown}
 r - 4 potions of brilliance
 v - a potion of poison {unknown}
 w - 4 potions of degeneration {unknown}
 D - 2 potions of invisibility {unknown}
 F - 2 potions of magic {unknown}
 G - 3 potions of restore abilities {unknown}
Books
 t - a Necronomicon {highlevel, unknown}

   This book is beyond your current level of understanding.

   Spells                             Type                      Level
   a - Haunt                          Necromancy/Summoning         7
   b - Borgnjor's Revivification      Necromancy                   8
   c - Death's Door                   Charms/Necromancy            8
   d - Necromutation                  Transmutation/Necromancy     8
Comestibles
 g - 2 royal jellies
 m - 2 chunks of flesh
 s - a bread ration
 N - a beef jerky


   Skills:
 * Level 8.0 Fighting
 + Level 7.2 Short Blades
 * Level 11.0 Bows
 + Level 1.5 Throwing
 + Level 6.3 Dodging
 * Level 7.5 Stealth
 * Level 2.9 Invocations


You had 10 spell levels left.
You didn't know any spells.

Dungeon Overview and Level Annotations

Branches:
Dungeon (8/15)             Temple (1/1) D:4
   Lair: D:8-11

Altars:
Ashenzari
Cheibriados
Dithmenos
Elyvilon
Fedhas
Gozag
Kikubaaqudgha
Makhleb
Nemelex Xobeh
Qazlal
Ru
Sif Muna
Trog
Vehumet
Xom
Yredelemnul
Zin
The Shining One

Shops:
D:4 :   D:5 }


Innate Abilities, Weirdness & Mutations

You are small and have problems with some larger weapons.
You are somewhat resistant to further mutation.


Message History

You barely miss the death yak.
The death yak is moderately wounded.
The death yak gores you!!
You hit the death yak.
There is a sudden explosion of sparks!
The death yak is heavily wounded.
The death yak gores you.
You hit the death yak but do no damage.
There is a sudden explosion of sparks!
The death yak is severely wounded.
The death yak gores you but does no damage.
You hit the death yak but do no damage.
The death yak is severely wounded.
You hit the death yak but do no damage.
There is a sudden explosion of sparks!
The death yak is almost dead.
The death yak gores you!!
* * * LOW HITPOINT WARNING * * *
Drink which item? (? for menu, Esc to quit)
Okay, then.
You see here 2 stones.
The death yak gores you!
You die...

......s#............'.....'...†..
......Y#....()(.†...#.....#......
#######.....)(##########..#......
#.#####)#..#.....#..#......
#......(...#.....#..#...###
#..........#.....#..#...##.
#..........#.....#..#...'..
#.....((YY.#.....#..#...# .
#.......s)@#.....#..#...#
#######......(...#####.#..#...#
......#.....(.....)(......'...##
......'......####(()......#....#
......#.....###.#.....)...#....#
......#####+#§._#####.....#....#
............'...8#..#.....†....#
............#≈._##..#....)#....#
########....###.#...'.....#....#


You could see a death yak, a sheep and a giant cockroach.

Vanquished Creatures
  2 orc knights (Bailey)
  Pikel (D:6)
  Eustachio (D:7)
  2 hungry ghosts
  Edmund (D:7)
  Menkaure (D:6)
  5 ogres
  A black bear (D:7)
  3 ice beasts
  5 orc warriors (Bailey)
  A slave (D:6)
  A centaur (D:6)
  Sigmund (D:7)
  14 big kobolds
  A giant frog (D:6)
  4 scorpions
  5 wights (D:6)
  A centaur zombie (D:5)
  2 goliath beetles (D:8)
  A giant frog skeleton (D:7)
  2 jellies
  5 crimson imps
  4 orc priests
  2 hounds
  Natasha (thrice) (D:5)
  3 iguanas
  5 orc wizards
  4 worker ants
  Ijyb (D:6)
  A hound skeleton (D:6)
  2 worker ant zombies
  4 adders
  4 gnolls (D:5)
  2 river rats (D:7)
  A shadow imp (D:7)
  5 worms
  An adder skeleton (D:5)
  An adder zombie (D:6)
  32 orcs
  3 ball pythons
  4 bat skeletons
  7 giant cockroaches
  16 goblins
  17 hobgoblins
  9 jackals
  44 kobolds
  4 quokkas
  23 bats
  7 giant geckos
  11 giant newts
  A jackal zombie (D:5)
  A quokka skeleton (D:6)
  15 rats
  2 plants (D:5)
299 creatures vanquished.

Vanquished Creatures (others)
  A bat skeleton (D:4)
  A hobgoblin (D:4)
  A bat (D:4)
  A giant gecko skeleton (D:6)
  7 toadstools (D:1)
11 creatures vanquished.

Grand Total: 310 creatures vanquished

Notes
Turn   | Place    | Note
--------------------------------------------------------------
     0 | D:1      | Kidiri, the Halfling Hunter, began the quest for the Orb.
     0 | D:1      | Reached XP level 1. HP: 14/14 MP: 1/1
   124 | D:1      | Reached skill level 5 in Bows
   124 | D:1      | Reached XP level 2. HP: 17/19 MP: 2/2
   220 | D:1      | Reached skill level 1 in Short Blades
   340 | D:1      | Reached XP level 3. HP: 24/24 MP: 3/3
   856 | D:2      | Found a bloodstained altar of Trog.
  1047 | D:2      | Reached XP level 4. HP: 29/29 MP: 4/4
  2131 | D:3      | Reached XP level 5. HP: 35/35 MP: 5/5
  2254 | D:3      | Found a sparkling altar of Nemelex Xobeh.
  2641 | D:4      | Reached skill level 6 in Bows
  3337 | D:4      | Found a radiant altar of Vehumet.
  3753 | D:4      | Found a staircase to the Ecumenical Temple.
  3845 | D:4      | Found Crokhoca's Book Boutique.
  4129 | D:4      | Noticed an ogre
  4153 | D:4      | Killed an ogre
  4239 | D:5      | Entered Level 5 of the Dungeon
  4253 | D:5      | Reached XP level 6. HP: 24/42 MP: 6/6
  4282 | D:5      | Noticed an ice beast
  4301 | D:5      | Killed an ice beast
  4534 | D:5      | Noticed Natasha
  4537 | D:5      | Killed Natasha
  4572 | D:5      | Found Giubrol's Gadget Emporium.
  4637 | D:5      | Noticed Natasha
  4647 | D:5      | Reached XP level 7. HP: 18/46 MP: 7/7
  4677 | D:5      | HP: 2/46 [poisoned by a worker ant]
  4905 | Temple   | Entered the Ecumenical Temple
  5474 | D:5      | Killed Natasha
  5681 | D:5      | Noticed Natasha
  5682 | D:5      | Killed Natasha
  6528 | D:6      | Found an ancient bone altar of Kikubaaqudgha.
  6555 | D:6      | Reached skill level 7 in Bows
  6571 | D:6      | Noticed Menkaure
  6580 | D:6      | Killed Menkaure
  6580 | D:6      | Reached XP level 8. HP: 28/54 MP: 8/8
  6601 | D:6      | Found a sparkling altar of Nemelex Xobeh.
  6886 | D:6      | Noticed Ijyb
  6896 | D:6      | Killed Ijyb
  7185 | D:6      | Noticed Pikel
  7202 | D:6      | Killed Pikel
  7202 | D:6      | Reached skill level 5 in Fighting
  7202 | D:6      | Reached skill level 8 in Bows
  7202 | D:6      | Reached skill level 5 in Stealth
  7202 | D:6      | Reached XP level 9. HP: 42/61 MP: 9/9
  7823 | D:7      | Reached skill level 5 in Short Blades
  7829 | D:7      | Found a shimmering altar of Xom.
  7834 | D:7      | Reached skill level 9 in Bows
  7849 | D:7      | Reached skill level 5 in Dodging
  7898 | D:7      | Noticed Edmund
  7918 | D:7      | Killed Edmund
  8006 | D:7      | Found a shadowy altar of Dithmenos.
  8250 | D:7      | Became a worshipper of Dithmenos the Shadowed
  8258 | D:7      | Noticed Sigmund
  8271 | D:7      | Killed Sigmund
  8689 | D:7      | Found a burning altar of Makhleb.
  8918 | D:7      | Noticed Eustachio
  8969 | D:7      | Killed Eustachio
  9293 | D:8      | Found a shattered altar of Ashenzari.
  9320 | D:8      | Reached XP level 10. HP: 51/69 MP: 10/10
  9434 | D:8      | Reached skill level 10 in Bows
  9590 | D:8      | Found a flagged portal.
  9599 | Bailey   | Entered a bailey
  9611 | Bailey   | Noticed an orc knight
  9915 | Bailey   | Paralysed by an orc warrior for 2 turns
  9923 | Bailey   | Paralysed by an orc warrior for 2 turns
 10011 | Bailey   | Identified a +1 rod of ignition (11/11) (You found it on level 7 of the Dungeon)
 10067 | Bailey   | Killed an orc knight
 10067 | Bailey   | Acquired Dithmenos' first power
 10146 | Bailey   | Noticed an orc knight
 10198 | Bailey   | Killed an orc knight
 10746 | D:8      | Reached skill level 1 in Invocations
 11222 | D:8      | Reached skill level 1 in Throwing
 11362 | D:8      | Reached XP level 11. HP: 77/77 MP: 15/15
 11492 | D:8      | Found a snail-covered altar of Cheibriados.
 11612 | D:8      | Found a sacrificial altar of Ru.
 11613 | D:8      | Found a deep blue altar of Sif Muna.
 11754 | D:8      | Noticed an elephant
 11758 | D:8      | Reached skill level 11 in Bows
 11764 | D:8      | Noticed a death yak
 11804 | D:8      | HP: 3/77 [death yak (23)]
 11815 | D:8      | Mangled by a death yak

Action                   |  1- 3 |  4- 6 |  7- 9 | 10-12 || total
-------------------------+-------+-------+-------+-------++-------
Melee: Short sword       |    46 |   203 |   246 |   194 ||   689
       Shortbow          |       |     1 |       |       ||     1
 Fire: Shortbow          |    47 |    57 |   348 |   250 ||   702
Throw: Tomahawk          |       |       |       |    66 ||    66
  Use: Scroll            |       |    12 |     2 |     2 ||    16
       Potion            |       |     5 |       |     5 ||    10
 Stab: Sleeping          |     1 |     3 |       |       ||     4
  Eat: Chunk             |       |     6 |       |     4 ||    10
       Bread ration      |       |     1 |     1 |     1 ||     3
       Pizza             |       |     1 |       |       ||     1
       Meat ration       |       |       |     2 |       ||     2
